 Dungeon Crawl Stone Soup version 0.29.1-12-g30fa7ad0bf (webtiles) character file.

Game seed: 16446285408421842278

1089 DildoBatman the Magician (level 8, -1/58 HPs)
             Began as a Formicid Conjurer on Dec 14, 2022.
             Slain by a wyvern (7 damage)
             ... on level 7 of the Dungeon.
             The game lasted 00:14:54 (6214 turns).

DildoBatman the Magician (Formicid Conjurer)        Turns: 6214, Time: 00:14:55

Health: -1/58      AC:  5    Str: 12    XL:     8   Next: 56%
Magic:  0/18       EV: 12    Int: 20    God:
Gold:   268        SH:  0    Dex: 12    Spells: 18/21 levels left

rFire   . . .      SeeInvis +   a - +2 short sword (vamp)
rCold   . . .      Faith    .   (no shield)
rNeg    + + .      Spirit   .   w - +0 robe {rN+}
rPois   .          Reflect  .   (helmet unavailable)
rElec   .          Harm     .   f - scarf {shadows}
rCorr   .          Rampage  .   (no gloves)
Will    .....                   p - +2 pair of boots
Stlth   ++........              (no amulet)
HPRegen 0.19/turn               m - ring of positive energy
MPRegen 0.16/turn               (no ring)

@: no status effects
A: permanent stasis, dig shafts and tunnels, antennae 3, four strong arms
a: Dig, Shaft Self


You were on level 7 of the Dungeon.
You visited 1 branch of the dungeon, and saw 7 of its levels.
You also visited: Sewer.

You collected 268 gold pieces.

Inventory:

Hand Weapons
 a - a +2 vampiric short sword (weapon)
 b - a +0 sling
Missiles
 d - 56 stones
 r - 2 poisoned darts
Armour
 f - a scarf of shadows (worn)
 p - a +2 pair of boots (worn)
 w - a +0 robe of positive energy (worn)
Magical Staves
 n - a staff of death
Jewellery
 m - a ring of positive energy (left hand)
Scrolls
 c - a scroll of acquirement {unknown}
 e - a scroll of immolation
 g - a scroll of poison {unknown}
 l - a scroll of fear {unknown}
 q - 4 scrolls of identify {unknown}
 s - a scroll of enchant weapon {unknown}
 v - a scroll of noise {unknown}
 x - a scroll of teleportation {unknown}
 z - a scroll of blinking {unknown}
 A - a scroll of vulnerability {unknown}
Potions
 h - a potion of cancellation {unknown}
 i - a potion of flight {unknown}
 j - 5 potions of curing {unknown}
 k - 3 potions of haste {unknown}
 o - 3 potions of mutation {unknown}
 t - a potion of resistance {unknown}
 u - 2 potions of might {unknown}
 y - 3 potions of magic
 B - a potion of heal wounds {unknown}


   Skills:
 * Level 3.0 Fighting
 * Level 3.0 Armour
 * Level 2.0 Dodging
 - Level 2.4 Stealth
 - Level 7.0 Spellcasting
 - Level 6.0 Conjurations


You had 18 spell levels left.
You knew the following spells:

 Your Spells              Type           Power      Damage    Failure   Level
a - Searing Ray           Conj           62%        2d6       1%          2
c - Magic Dart            Conj           100%       1d8       1%          1

Your spell library contained the following spells:

 Spells                   Type           Power      Damage    Failure   Level
 Dazzling Flash           Conj/Hex       38%        N/A       9%          3
 Ensorcelled Hibernation  Hex/Ice        14%        N/A       14%         2
 Fulminant Prism          Conj/Hex       9%         3d7       26%         4
 Iskenderun's Mystic Bla  Conj/Tloc      19%        2d6       26%         4
 Spider Form              Tmut/Pois      7%         N/A       28%         3
 Anguish                  Hex/Necr       3%         N/A       67%         4


Dungeon Overview and Level Annotations

Branches:
Dungeon (7/15)              Sewer (visited)
 Temple: D:4-7

Altars:
Elyvilon
Hepliaklqana
Makhleb
Okawaru

Annotations:
D:3 1 runed translucent door, exclusion: black bear, duchin's ghost, amateur HOGl
D:5 exclusion: 2 scorpions
D:6 exclusion: kobold brigand


Innate Abilities, Weirdness & Mutations

You cannot be hasted, slowed, berserked, paralysed or teleported.
You can dig through walls and to a lower floor.
You have a pair of large antennae on your head. (SInv)
Your four strong arms can wield two-handed weapons with a shield.


Message History

The wyvern is moderately wounded. (Press . to maintain the ray.)
The wyvern bites you but does no damage.
The searing ray hits the wyvern.
The wyvern is moderately wounded.
The wyvern closely misses you. The wyvern bites you!
The searing ray hits the wyvern!
The wyvern is heavily wounded.
The wyvern closely misses you.
The searing ray hits the wyvern!
The wyvern is almost dead.
You finish channelling your searing ray.
The wyvern bites you! The wyvern barely misses you.
Casting: Searing Ray (safe; 1% risk of failure)
Confirm with . or Enter, or press ? or * to list all spells.
Aiming: Magic Dart (safe; 1% risk of failure)
Press: ? - help, Shift-Dir - straight line, f/p - wyvern
Aim: a wyvern (almost dead, 100% to hit)
The magic dart hits the wyvern but does no damage.
The wyvern is almost dead.
The wyvern bites you but does no damage.
Casting: Magic Dart (safe; 1% risk of failure)
Confirm with . or Enter, or press ? or * to list all spells.
Aiming: Magic Dart (safe; 1% risk of failure)
Press: ? - help, Shift-Dir - straight line, f/p - wyvern
Aim: a wyvern (almost dead, 100% to hit)
The magic dart hits the wyvern but does no damage.
The wyvern is almost dead.
The wyvern bites you but does no damage.
The wyvern bites you.
You closely miss the wyvern.
The wyvern is almost dead.
The wyvern hisses menacingly.
The wyvern bites you!
You barely miss the wyvern.
The wyvern is severely wounded.
The wyvern bites you!
You die...

..#
##..#
#...
#..#
#.~#
#..##..#
#@l.....
#.####.#
#.. ####


You could see a wyvern.

Vanquished Creatures
  An ice beast (D:5)
  A sky beast (D:7)
  A black bear (D:4)
  An ogre (D:6)
  A necrophage (D:5)
  2 killer bees
  2 hounds
  3 jellies
  An orc priest (D:4)
  An iguana (D:6)
  7 orc wizards
  3 adders
  2 river rats (Sewer)
  3 worms (D:3)
  2 dart slugs (D:3)
  14 orcs
  7 bats
  11 endoplasms
  11 giant cockroaches
  6 goblins
  12 hobgoblins
  9 kobolds
  4 quokkas
  14 ball pythons
  10 frilled lizards
  8 rats
137 creatures vanquished.

Notes
Turn   | Place    | Note
-------+----------+-------------------------------------------
     0 | D:1      | DildoBatman the Formicid Conjurer began the quest for the
                  | Orb.
     0 | D:1      | Reached XP level 1. HP: 13/13 MP: 3/3
   140 | D:1      | Reached XP level 2. HP: 10/20 MP: 0/5
   143 | D:1      | Learned a level 2 spell: Searing Ray
   406 | D:1      | Reached skill level 1 in Fighting
   520 | D:1      | Reached skill level 1 in Armour
   520 | D:1      | Reached XP level 3. HP: 26/26 MP: 2/6
  1153 | D:2      | Reached XP level 4. HP: 30/32 MP: 1/8
  1868 | D:3      | You fall into a shaft and drop 1 floor!
  1869 | D:4      | Found a burning altar of Makhleb.
  2044 | D:3      | Reached skill level 3 in Spellcasting
  2151 | D:3      | Found a glowing drain.
  2157 | Sewer    | Entered a sewer
  2229 | Sewer    | Reached XP level 5. HP: 29/37 MP: 9/9
  2606 | Sewer    | Found a viscous altar of Jiyva.
  2927 | D:3      | Reached XP level 6. HP: 46/46 MP: 7/11
  3207 | D:3      | Found a runed translucent door.
  3209 | D:3      | Noticed an ogre
  3211 | D:3      | Noticed duchin's ghost (amateur HOGl)
  3346 | D:3      | Noticed a black bear
  3792 | D:4      | Noticed a black bear
  3815 | D:4      | Killed a black bear
  3933 | D:4      | Reached skill level 4 in Spellcasting
  4007 | D:4      | Reached XP level 7. HP: 52/52 MP: 9/13
  4082 | D:4      | Reached skill level 5 in Conjurations
  4527 | D:5      | Entered Level 5 of the Dungeon
  4565 | D:5      | Found a white marble altar of Elyvilon.
  4568 | D:5      | Found a hazy altar of Hepliaklqana.
  4574 | D:5      | Found an iron altar of Okawaru.
  4987 | D:5      | Reached skill level 5 in Spellcasting
  5434 | D:6      | Reached XP level 8. HP: 58/58 MP: 9/15
  5756 | D:6      | Reached skill level 6 in Spellcasting
  6029 | D:6      | Noticed a two-headed ogre
  6193 | D:6      | Noticed a yak
  6193 | D:6      | Noticed a yak
  6193 | D:6      | Noticed a yak
  6203 | D:7      | Noticed a wyvern
  6207 | D:7      | Reached skill level 7 in Spellcasting
  6214 | D:7      | Slain by a wyvern

Illustrated notes

Levels and vault maps discovered:
D:1:      sevenhm_arrival_forest_fort_small_4, layout_basic
D:2:      layout_basic
D:3:      layout_basic, ebering_ghost_inner_flame, gup_sewer_entry_bubbles
D:4:      layout_cave_pools, old_standard_altar
D:5:      layout_basic, grunt_temple_overflow_diamond
D:6:      layout_loops_cross, lemuel_temple_firewalk_b
D:7:      layout_loops_ring, minmay_a_box_with_orc_wizards_in_it

Skill      XL: |  1  2  3  4  5  6  7  8 |
---------------+-------------------------+-----
Dodging        | 2 |  2.0
Fighting       | 1 2 3 |  3.0
Armour         | 1 2 3 |  3.0
Conjurations   | 4 5 6 |  6.0
Spellcasting   | 3 4 5 7 |  7.0
Stealth        | |  2.4

Action                   |  1- 3 |  4- 6 |  7- 9 || total
-------------------------+-------+-------+-------++-------
Melee: Whip              |    12 |     7 |       ||    19
       Short sword       |       |    78 |    25 ||   103
 Cast: Magic Dart        |    56 |    58 |    19 ||   133
       Searing Ray       |     1 |    14 |    32 ||    47
 Abil: Dig               |       |     1 |       ||     1
 Stab: Sleeping          |       |     2 |     1 ||     3
Armor: Robe              |       |    23 |    23 ||    46
Dodge: Dodged            |    15 |    64 |    38 ||   117
